 Dungeon Crawl Stone Soup version 0.31-a0-237-g2d982f9f85 (webtiles) character file.

Game seed: 8945769130786044795

490 qw the Shooter (level 7, -11/41 HPs)
             Began as a Gargoyle Hexslinger on July 10, 2023.
             Mangled by an ice beast (21 damage)
             ... on level 5 of the Dungeon.
             The game lasted 00:01:41 (4100 turns).

qw the Shooter (Gargoyle Hexslinger)                Turns: 4100, Time: 00:01:41

Health: -11/41     AC: 11    Str: 20    XL:     7   Next: 14%
Magic:  0/0        EV: 16    Int: 13    God:
Gold:   191        SH:  0    Dex: 14    Spells: 7/8 levels left

rFire   + . .        Y - +3 sling (chaos)
rCold   x . .        (no shield)
rNeg    + . .        e - +0 ring mail
rPois   inf          (no helmet)
rElec   +            (no cloak)
rCorr   .            c - +0 pair of gloves
SInv    .            (no boots)
Will    .....        (no amulet)
Stlth   +            j - +5 ring of evasion
HPRegen 0.26/turn    b - ring "Racutrae" {Fire MP-9 Str+8}
MPRegen 0.07/turn

%: no passive effects
@: no status effects
A: sickness immunity, AC +4, negative energy resistance 1, electricity
resistance, torment resistance 1, petrification resistance
a: no special abilities


You were on level 5 of the Dungeon.
You visited 1 branch of the dungeon, and saw 5 of its levels.

You collected 191 gold pieces.


Innate Abilities, Weirdness & Mutations

You are immune to sickness and miasma.
Your stone body is resilient. (AC +4)
You are immune to poison.
You resist negative energy. (rN+)
You are resistant to electric shocks. (rElec)
You are resistant to unholy torment.
You are immune to petrification.


   Skills:
 + Level 3.6 Fighting
 - Level 6.5 Ranged Weapons
 - Level 1.7 Armour
 - Level 1.5 Dodging
 - Level 1.0 Spellcasting
 - Level 2.6 Hexes


You had 7 spell levels left.
You knew the following spells:

 Your Spells              Type           Power      Damage    Failure   Level
a - Slow                  Hex            28%        N/A       16%         1

Your spell library contained the following spells:

 Spells                   Type           Power      Damage    Failure   Level
 Inner Flame              Hex/Fire       6%         N/A       63%         3
 Portal Projectile        Hex/Tloc       8%         N/A       63%         3
 Cause Fear               Hex            3%         N/A       83%         4

Inventory:

Hand Weapons
 Y - a +3 sling of chaos (weapon)
Armour
 c - a +0 pair of gloves (worn)
 e - a +0 ring mail (worn)
Jewellery
 b - the ring "Racutrae" (right hand) {Fire MP-9 Str+8}
   (You acquired it on level 4 of the Dungeon)

   [ring of fire]

   It enhances your fire magic.
   Str:       It affects your strength (+8).
   rF:        It protects you from fire.
   rC:        It makes you vulnerable to cold.
   MP:        It affects your magic capacity (-9).
 j - a +5 ring of evasion (left hand)
Scrolls
 l - a scroll of identify
Potions
 a - a potion of enlightenment
 d - a potion of lignification {unknown}
 f - a potion of might {unknown}
 g - a potion of degeneration {unknown}
 h - a potion of mutation {unknown}
 i - 3 potions of curing
 k - 2 potions of resistance
 m - a potion of invisibility {unknown}
 o - a potion of ambrosia {unknown}
 p - a potion of brilliance {unknown}

Dungeon Overview and Level Annotations

Branches:
Dungeon (5/15)
 Temple: D:4-7

Altars:
Fedhas
Kikubaaqudgha
Makhleb
Okawaru
Sif Muna
Trog
Vehumet


Message History

You shoot a sling bullet.
The sling bullet barely misses the ice beast.
You shoot a sling bullet.
The sling bullet hits the ice beast but does no damage.
The ice beast blinks!
You shoot a sling bullet.
The sling bullet barely misses the adder.
You shoot a sling bullet. The sling bullet hits the adder.
The adder seems to grow stronger.
The adder is heavily wounded.
The adder bites you but does no damage.
You shoot a sling bullet.
The sling bullet hits the adder but does no damage.
The adder is poisoned.
The adder is heavily wounded.
The adder completely misses you. The adder bites you but does no damage.
You shoot a sling bullet. The sling bullet hits the adder.
The adder is almost dead.
The adder closely misses you. The adder bites you but does no damage.
The ice beast misses you.
You shoot a sling bullet.
The sling bullet barely misses the adder.
The adder closely misses you. The ice beast hits you.
The ice beast freezes you!
You feel a terrible chill!
You shoot a sling bullet. The sling bullet hits the adder.
You kill the adder!
The ice beast hits you but does no damage.
You shoot a sling bullet.
The sling bullet closely misses the ice beast.
The ice beast misses you.
You shoot a sling bullet.
The sling bullet hits the ice beast but does no damage.
The ice beast goes berserk!
The ice beast hits you. The ice beast freezes you!!
You feel a terrible chill! The ice beast misses you.
You shoot a sling bullet.
The sling bullet hits the ice beast but does no damage.
The ice beast hits you. The ice beast freezes you!!
You feel a terrible chill!
Ouch! That really hurt!
You die...

# ##.......# #.####.#. #
#..###### #........ #
#..# #####.### # #..#
#.#...#.## # #..#
#.......<# # #..####
#######.## # ######....#
........# #
#..........###.....#####
# #........@Y......
#........#...7...
#...........7.7
#..........7.7.7
#.........7.7.7.
#........7.7 _.7
.........7 7.7 .......
7.


You could see an ice beast (berserk).

Vanquished Creatures
  A water moccasin (D:5)
  An orc priest (D:4)
  3 hounds
  A sleepcap (D:4)
  An orc wizard (D:4)
  A gnoll (D:3)
  5 adders
  2 white imps
  3 worms
  4 dart slugs
  11 orcs
  6 endoplasms
  3 giant cockroaches
  9 hobgoblins
  5 jackals
  6 kobolds
  2 quokkas
  11 ball pythons
  5 bats
  8 goblins
  4 rats
92 creatures vanquished.

Notes
Turn   | Place    | Note
-------+----------+-------------------------------------------
     0 | D:1      | qw the Gargoyle Hexslinger began the quest for the Orb.
     0 | D:1      | Reached XP level 1. HP: 12/12 MP: 2/2
     0 | D:1      | 0 ||| qw: Version: 0.3-a-52-g30416fa
     0 | D:1      | 0 ||| qw: Game counter: 5374
     0 | D:1      | 0 ||| qw: Melee chars always use a shield: true
     0 | D:1      | 0 ||| qw: God list: Okawaru
     0 | D:1      | 0 ||| qw: Allow faded altars: false
     0 | D:1      | 0 ||| qw: Do Orc after clearing Dungeon:15 true
     0 | D:1      | 0 ||| qw: Do second Lair branch before Depths: true
     0 | D:1      | 0 ||| qw: Lair rune preference: random
     0 | D:1      | 0 ||| qw: Goals: Normal
     0 | D:1      | 0 ||| PLANNING D:1-11
    87 | D:1      | Reached XP level 2. HP: 15/16 MP: 3/3
   111 | D:1      | Reached skill level 3 in Ranged Weapons
   244 | D:1      | Reached XP level 3. HP: 21/21 MP: 4/4
   404 | D:1      | 404 ||| READING scroll labelled ERIHYONLEDD.
   505 | D:1      | 505 ||| READING scroll labelled UGUODE OCHULAIPUIF.
   506 | D:1      | 506 ||| DRINKING 2 coppery potions.
   507 | D:1      | 507 ||| DROPPING scroll of poison.
   722 | D:2      | HP: 3/21 [worm (6)]
  1408 | D:2      | 1408 ||| READING scroll labelled GIDYAFERCHY.
  1409 | D:2      | 1409 ||| READING scroll labelled ENEISCH LIEFUN.
  1412 | D:2      | 1412 ||| DRINKING 2 amethyst potions.
  1413 | D:2      | 1413 ||| DRINKING 2 brown potions.
  1414 | D:2      | 1414 ||| DROPPING potion of attraction.
  1445 | D:3      | Reached XP level 4. HP: 25/26 MP: 5/5
  1490 | D:3      | Reached skill level 4 in Ranged Weapons
  1954 | D:3      | Found an ancient bone altar of Kikubaaqudgha.
  2192 | D:3      | Reached XP level 5. HP: 30/30 MP: 6/6
  2192 | D:3      | Found a shimmering blue altar of Sif Muna.
  2205 | D:3      | HP: 6/30 [gnoll/+2 falchion (11)]
  2309 | D:3      | Found a bloodstained altar of Trog.
  2526 | D:3      | Found a blossoming altar of Fedhas.
  2527 | D:3      | Found a burning altar of Makhleb.
  2627 | D:3      | 2627 ||| UPGRADING to +0 leather armour.
  2637 | D:3      | 2637 ||| DROPPING +0 robe.
  2638 | D:3      | 2638 ||| UPGRADING to +0 ring mail.
  2648 | D:3      | 2648 ||| DROPPING +0 leather armour.
  2649 | D:3      | 2649 ||| READING scroll labelled NYTOUS BOTANAU.
  2650 | D:3      | 2650 ||| DRINKING 2 fizzy brown potions.
  2651 | D:3      | 2651 ||| DRINKING 2 ruby potions.
  2831 | D:4      | Reached skill level 1 in Armour
  2891 | D:4      | Reached skill level 5 in Ranged Weapons
  2905 | D:4      | HP: 7/30 [orc priest/+0 hand axe (3)]
  2906 | D:4      | 2906 ||| READING scroll of teleportation.
  2907 | D:4      | 2907 ||| DRINKING potion of heal wounds.
  2914 | D:4      | 2914 ||| FLEEEEING.
  2916 | D:4      | 2916 ||| FLEEEEING.
  2917 | D:4      | 2917 ||| FLEEEEING.
  2918 | D:4      | 2918 ||| FLEEEEING.
  2919 | D:4      | 2919 ||| FLEEEEING.
  2920 | D:4      | 2920 ||| FLEEEEING.
  2921 | D:4      | 2921 ||| FLEEEEING.
  2922 | D:4      | 2922 ||| STAIRDANCE
  2948 | D:3      | 2948 ||| READING scroll labelled WENUUKUHIM.
  2953 | D:4      | 2953 ||| STAIRDANCE
  3347 | D:4      | Reached skill level 3 in Fighting
  3347 | D:4      | Reached XP level 6. HP: 34/37 MP: 7/7
  3373 | D:4      | 3373 ||| STAIRDANCE
  3416 | D:3      | 3416 ||| UPGRADING to +0 pair of gloves.
  3421 | D:3      | 3421 ||| READING scroll labelled HUDGHO UPLISEK HAWN.
  3652 | D:4      | 3652 ||| READING 2 scrolls labelled FONASMOIZEACH.
  3652 | D:4      | Identified 2 scrolls of acquirement
  3652 | D:4      | 3652 ||| ACQUIRING +5 ring of evasion
  3652 | D:4      | Acquired a +5 ring of evasion
  3654 | D:4      | 3654 ||| UPGRADING to +5 ring of evasion.
  3655 | D:4      | 3655 ||| READING scroll of acquirement.
  3655 | D:4      | 3655 ||| ACQUIRING ring "Racutrae" {Fire MP-9 Str+8}
  3655 | D:4      | Acquired the ring "Racutrae" {Fire MP-9 Str+8}
  3657 | D:4      | 3657 ||| UPGRADING to ring "Racutrae" {Fire MP-9 Str+8}.
  3691 | D:5      | Entered Level 5 of the Dungeon
  3788 | D:5      | 3788 ||| FLEEEEING.
  3852 | D:5      | Noticed a water moccasin
  3859 | D:5      | Killed a water moccasin
  3860 | D:5      | Reached skill level 6 in Ranged Weapons
  3860 | D:5      | Reached XP level 7. HP: 35/41 MP: 0/8
  4026 | D:5      | Found a radiant altar of Vehumet.
  4084 | D:5      | Found an iron altar of Okawaru.
  4085 | D:5      | 4085 ||| PLANNING OKAWARU WORSHIP
  4085 | D:5      | 4085 ||| READING 2 scrolls labelled USATITZUDAGG.
  4086 | D:5      | 4086 ||| READING scroll of enchant weapon.
  4086 | D:5      | 4086 ||| ENCHANTING +2 sling of chaos.
  4087 | D:5      | 4087 ||| READING scroll labelled ZIQ SEGHAERORA.
  4099 | D:5      | HP: 10/41 [ice beast (18)]
  4100 | D:5      | Mangled by an ice beast

Levels and vault maps discovered:
D:1:      heliophobic_arrival_glass_houses, layout_rooms,
          hangedman_feature_mirror, supply_closet_lemuel, st_stairs_1
D:2:      layout_basic
D:3:      cheibrodos_old_hovel, layout_loops_ring,
          nzn_overflow_gifts_of_might_and_magic,
          gammafunk_temple_overflow_statue, kiku_gazebo_pond_becter,
          serial_bayou, serial_bayou_shore_a, serial_bayou_ford_a,
          serial_bayou_lake_a, serial_bayou_crossing
D:4:      layout_basic, minmay_misc_feat_tower
D:5:      layout_basic, okawaru_trees_2, nicolae_vehumet_altar_sigil,
          temple_hall

Skill      XL: |  1  2  3  4  5  6 |
---------------+-------------------+-----
Ranged Weapons | 3 4 5 6 |  6.5
Fighting       | 2 3 |  3.6
Armour         | 1 |  1.7
Dodging        | |  1.5
Spellcasting   | |  1.0
Hexes          | |  2.6

Action                     |  1- 3 |  4- 6 |  7- 9 || total
---------------------------+-------+-------+-------++-------
   Fire: Sling             |   131 |   217 |    19 ||   367
    Use: Scroll            |     4 |     6 |     3 ||    13
         Potion            |     3 |     3 |       ||     6
 Armour: Robe              |    18 |    25 |       ||    43
         Ring mail         |       |    22 |     5 ||    27
  Dodge: Dodged            |    42 |    80 |    14 ||   136

Table legend:
 A = Non-vault XP
 B = Vault XP
 C = Vault XP percentage of total XP
 D = Non-vault monster count
 E = Vault monster count
 F = Vault count percentage of total count
                 A         B        C        D         E       F
            +---------+---------+-------+---------+---------+-------
      Total |     663 |      37 |   5.3 |      82 |      11 |  11.8
            +---------+---------+-------+---------+---------+-------
        D:1 |      34 |      12 |  26.1 |      20 |       8 |  28.6
        D:2 |      33 |       0 |   0.0 |      14 |       0 |   0.0
        D:3 |      85 |      25 |  22.7 |      23 |       3 |  11.5
        D:4 |     251 |       0 |   0.0 |      19 |       0 |   0.0
        D:5 |     260 |       0 |   0.0 |       6 |       0 |   0.0
            +---------+---------+-------+---------+---------+-------
